 Dungeon Crawl Stone Soup version 0.26-a0-652-gafc20e3620 (webtiles) character file.

Game seed: 11419429972490193960

13293 jasper the Martial Artist (level 12, -9/91 HPs)
             Began as a Gnoll Transmuter on Oct 4, 2020.
             Was an Elder of Cheibriados.
             Mangled by a shadow (27 damage)
             ... in a Gauntlet.
             The game lasted 00:31:31 (13997 turns).

jasper the Martial Artist (Gnoll Transmuter)       Turns: 13997, Time: 00:31:33

Health: -9/91      AC:  7    Str: 22    XL:     12   Next: 4%
Magic:  17/24      EV: 20    Int: 31    God:    Cheibriados [****..]
Gold:   799        SH:  0    Dex: 26    Spells: 8/28 levels left

rFire    . . .     SeeInvis .     - Unarmed
rCold    . . .     Faith    .   (shield currently unavailable)
rNeg     . . .     Spirit   .   n - +0 troll leather armour
rPois    .         Reflect  .   (no helmet)
rElec    .         Harm     .   p - +0 cloak
rCorr    .         Rampage  .   (gloves currently unavailable)
MR       +....     NoTele   +   M - +0 pair of boots
Stlth    ++++......             (no amulet)
HPRegen  0.65/turn              q - ring of wizardry
MPRegen  0.19/turn              j - ring of protection from magic

@: blade hands, very slow
A: distributed training, fangs 1, strong nose
a: End Transformation, Bend Time, Temporal Distortion, Slouch, Renounce Religion


You were in a Gauntlet.
You worshipped Cheibriados.
Cheibriados was greatly pleased with you.
You had blades for hands.
You visited 4 branches of the dungeon, and saw 16 of its levels.
You also visited: Gauntlet and Ice Cave.

You collected 799 gold pieces.

Inventory:

Hand Weapons
 c - a +1 dagger of venom
 i - a +0 hunting sling (melded)
Missiles
 b - 378 stones (quivered)
 g - 7 silver boomerangs
 k - 33 poisoned darts
 v - 51 sling bullets
 E - 4 throwing nets
Armour
 n - a +0 troll leather armour (worn)
 p - a +0 cloak (worn)
 C - a +0 leather armour
 F - a +0 pair of gloves (melded)
 M - a +0 pair of boots (worn)
Jewellery
 j - a ring of protection from magic (right scythe-like blade)
 q - a ring of wizardry (left scythe-like blade)
 s - an uncursed ring of ice {unknown}
 y - a +6 ring of strength
 J - an uncursed ring of fire
 K - a +6 ring of dexterity
Wands
 a - a wand of disintegration (17)
 m - a wand of flame (23)
 r - a wand of acid (1)
 t - a wand of digging (5)
Scrolls
 d - 2 scrolls of enchant weapon {unknown}
 e - 3 scrolls of enchant armour
 o - a scroll of teleportation
 x - 8 scrolls of remove curse
 A - 2 scrolls of identify
 D - a scroll of noise
 H - a scroll of amnesia {unknown}
 L - 2 scrolls of magic mapping {unknown}
Potions
 f - 2 potions of lignification
 h - a potion of magic
 l - 3 potions of flight
 w - a potion of curing
 z - a potion of stabbing {unknown}
 B - a potion of heal wounds {unknown}
 I - 2 potions of cancellation {unknown}


   Skills:
 + Level 7.4 Fighting
 + Level 6.8 Short Blades
 + Level 6.8 Long Blades
 + Level 6.8 Axes
 + Level 6.8 Maces & Flails
 + Level 6.8 Polearms
 + Level 6.8 Staves
 + Level 6.8 Slings
 + Level 6.8 Bows
 + Level 6.8 Crossbows
 + Level 6.8 Throwing
 + Level 6.8 Armour
 + Level 8.3 Dodging
 + Level 6.8 Stealth
 + Level 6.8 Shields
 + Level 9.5 Unarmed Combat
 + Level 8.6 Spellcasting
 + Level 5.7 Conjurations
 + Level 5.7 Hexes
 + Level 5.7 Summonings
 + Level 5.7 Necromancy
 + Level 5.7 Translocations
 + Level 6.9 Transmutations
 + Level 5.7 Fire Magic
 + Level 5.7 Ice Magic
 + Level 5.7 Air Magic
 + Level 5.7 Earth Magic
 + Level 5.7 Poison Magic
 + Level 7.5 Invocations
 + Level 6.8 Evocations


You had 8 spell levels left.
You knew the following spells:

 Your Spells              Type           Power        Failure   Level
a - Beastly Appendage     Tmut           ######       4%          1
b - Spider Form           Tmut/Pois      ######....   6%          3
c - Ice Form              Ice/Tmut       ######..     11%         4
d - Ozocubu's Armour      Ice            #####...     7%          3
e - Hailstorm             Conj/Ice       #####...     12%         4
f - Blade Hands           Tmut           ######....   16%         5

Your spell library contained the following spells:

 Spells                   Type           Power        Failure   Level
 Freeze                   Ice            ####         4%          1
 Wereblood                Tmut           ######..     4%          2
 Frozen Ramparts          Ice            #####.       7%          3
 Summon Ice Beast         Ice/Summ       #####...     12%         4


Dungeon Overview and Level Annotations

Branches:
Dungeon (12/15)            Temple (1/1) D:7            Lair (1/6) D:9
    Orc (2/2) D:11          IceCv (visited)         Gauntlet (1/1)
    Elf: Orc:2

Altars:
Cheibriados
Elyvilon
Fedhas
Hepliaklqana
Kikubaaqudgha
Nemelex Xobeh
Ru
Sif Muna
Trog
Vehumet
Xom
Zin

Shops:
Orc:2 *

Portals:
Volcano: Orc:1

Annotations:
D:9 exclusions: hydra, phantom and vampire mosquito
D:10 exclusion: ugly thing
D:11 2 transporters, Foxy's ghost, journeyman OgTm Gauntlet 11 transporters, 21 runed translucent doors


Innate Abilities, Weirdness & Mutations

Your experience applies equally to all skills.
You have very sharp teeth.
Your uncanny sense of smell can sniff out nearby items.


Message History

You slice the shadow!! Your bite misses the shadow.
The shadow is almost destroyed.
The shadow strikes at you from the darkness!
You hit the shadow.
You destroy the shadow!
Cheibriados appreciates the change of pace.
The shadow slips into darkness.
The shadow flickers and vanishes!
Deactivating autopickup; reactivate with Ctrl-A.
The shadow slips into darkness.
The shadow flickers and vanishes!
The shadow strikes at you from the darkness!
Reactivating autopickup.
Deactivating autopickup; reactivate with Ctrl-A.
You hit something but do no damage. You slash something. You bite something.
The shadow strikes at you from the darkness!
* * * LOW HITPOINT WARNING * * *
Reactivating autopickup.
The shadow strikes at you from the darkness!
You die...

#8#..#...Z.Z..k#...#QQ.
###..###########...####
#.....#.©.#....≈.....
###...8.#...#...≈8≈....
#8#.....#.©.#...§≈.....
###..###########...####
#..##.:[©?$.##...#!.≈
###..#.#.....#.#...#.≈.
#8#..#@{#...#..#...#.≈≈
###..#WW^#.#^..#...#.≈.
#..#...^#W...#...#≈..
###..#...#©#^..#...#yh§
#8#..#..#...#..#...#h≈.
###..#.#...W.#.#.∩.#h≈.
#..##.......##...#h.≈
###..###########.§.####
#8#.......©............


You could see 2 shadows.

Vanquished Creatures
  Erolcha (D:9)
  An ice dragon (Orc:1)
  An unseen horror (D:11)
  A cyclops (D:11)
  A cane toad (Lair:1)
  2 gargoyles
  A komodo dragon (Lair:1)
  2 kobold demonologists (D:11)
  A troll (D:10)
  3 polar bears (Orc:1)
  5 hippogriffs
  3 shadows (Gauntlet)
  7 yaks
  A basilisk (D:11)
  A sky beast (D:8)
  7 orc warriors
  4 ice beasts
  A phantom (D:3)
  A necrophage (D:6)
  6 ogres
  A wolf (Orc:1)
  2 centaurs
  13 big kobolds
  9 bullfrogs
  3 scorpions
  3 wights (D:8)
  2 jellies
  5 howler monkeys
  A quasit (D:11)
  2 centaur zombies (D:11)
  10 hounds
  7 orc priests
  3 centaur skeletons
  13 orc wizards
  A bullfrog skeleton (D:7)
  A gnoll shaman (D:6)
  Terence (D:3)
  3 iguanas
  15 worker ants
  A hound zombie (D:9)
  12 adders
  6 gnolls
  2 shadow imps (D:10)
  4 white imps
  2 oozes
  An adder zombie (D:7)
  2 worms (D:2)
  3 dart slugs (D:3)
  6 leopard geckos
  62 orcs
  4 giant cockroaches
  10 goblins
  9 hobgoblins
  10 jackals
  9 quokkas
  10 bats
  8 frilled lizards
  36 kobolds
  A leopard gecko skeleton (D:8)
  A quokka zombie (D:8)
  7 rats
351 creatures vanquished.

Vanquished Creatures (others)
  A water moccasin (D:8)
  22 withered plants (Gauntlet)
23 creatures vanquished.

Grand Total: 374 creatures vanquished

Notes
Turn   | Place    | Note
-------+----------+-------------------------------------------
     0 | D:1      | jasper the Gnoll Transmuter began the quest for the Orb.
     0 | D:1      | Reached XP level 1. HP: 17/17 MP: 6/6
   185 | D:1      | Reached XP level 2. HP: 23/23 MP: 7/7
   895 | D:1      | Reached XP level 3. HP: 28/28 MP: 9/9
  1005 | D:1      | Reached skill level 5 in Spellcasting
  1298 | D:2      | Reached skill level 1 in Invocations
  1565 | D:1      | Learned a level 3 spell: Spider Form
  1628 | D:2      | Reached skill level 1 in Short Blades
  1628 | D:2      | Reached skill level 1 in Long Blades
  1628 | D:2      | Reached skill level 1 in Axes
  1628 | D:2      | Reached skill level 1 in Maces & Flails
  1628 | D:2      | Reached skill level 1 in Polearms
  1628 | D:2      | Reached skill level 1 in Staves
  1628 | D:2      | Reached skill level 1 in Slings
  1628 | D:2      | Reached skill level 1 in Bows
  1628 | D:2      | Reached skill level 1 in Crossbows
  1628 | D:2      | Reached skill level 1 in Throwing
  1628 | D:2      | Reached skill level 1 in Armour
  1628 | D:2      | Reached skill level 1 in Stealth
  1628 | D:2      | Reached skill level 1 in Shields
  1628 | D:2      | Reached skill level 1 in Evocations
  1717 | D:2      | Reached XP level 4. HP: 25/34 MP: 11/11
  1730 | D:2      | Learned a level 4 spell: Ice Form
  1825 | D:2      | Noticed an ogre
  2200 | D:3      | Reached skill level 1 in Conjurations
  2200 | D:3      | Reached skill level 1 in Hexes
  2200 | D:3      | Reached skill level 1 in Summonings
  2200 | D:3      | Reached skill level 1 in Necromancy
  2200 | D:3      | Reached skill level 1 in Translocations
  2200 | D:3      | Reached skill level 1 in Fire Magic
  2200 | D:3      | Reached skill level 1 in Ice Magic
  2200 | D:3      | Reached skill level 1 in Air Magic
  2200 | D:3      | Reached skill level 1 in Earth Magic
  2200 | D:3      | Reached skill level 1 in Poison Magic
  2518 | D:3      | Reached XP level 5. HP: 40/40 MP: 12/12
  2532 | D:3      | Noticed an angel
  2535 | D:3      | Found a glowing silver altar of Zin.
  2537 | D:3      | Found a shimmering altar of Xom.
  2663 | D:3      | You fall into a shaft and drop 2 floors!
  2663 | D:5      | Entered Level 5 of the Dungeon
  2793 | D:3      | Noticed Terence
  2804 | D:3      | Killed Terence
  3087 | D:4      | Reached XP level 6. HP: 47/47 MP: 8/13
  3142 | D:4      | Reached skill level 5 in Dodging
  3191 | D:4      | Found a blossoming altar of Fedhas.
  3205 | D:4      | Noticed a phantom
  3343 | D:4      | Reached XP level 7. HP: 52/52 MP: 12/15
  3347 | D:4      | Reached skill level 7 in Unarmed Combat
  4432 | D:5      | Reached XP level 8. HP: 59/60 MP: 12/16
  4703 | D:5      | Learned a level 3 spell: Ozocubu's Armour
  4708 | D:5      | Learned a level 4 spell: Hailstorm
  5357 | D:6      | You fall into a shaft and drop 1 floor!
  5368 | D:7      | Found a white marble altar of Elyvilon.
  5475 | D:7      | Found a sacrificial altar of Ru.
  5575 | D:7      | Noticed a hippogriff
  6570 | D:2      | Reached skill level 5 in Transmutations
  6570 | D:2      | Reached XP level 9. HP: 65/65 MP: 13/18
  7284 | D:7      | Found a bloodstained altar of Trog.
  7286 | D:7      | Found an ancient bone altar of Kikubaaqudgha.
  7294 | D:7      | Found a staircase to the Ecumenical Temple.
  7306 | Temple   | Entered the Ecumenical Temple
  7364 | Temple   | Became a worshipper of Cheibriados the Contemplative
  7416 | D:7      | Learned a level 5 spell: Blade Hands
  7838 | D:7      | Found a sparkling altar of Nemelex Xobeh.
  7840 | D:7      | Found a radiant altar of Vehumet.
  7915 | D:7      | Reached skill level 5 in Fighting
  8117 | D:7      | Reached * piety under Cheibriados
  8151 | D:8      | Reached skill level 8 in Unarmed Combat
  8507 | D:8      | Reached skill level 5 in Invocations
  9417 | D:9      | Found a sacrificial altar of Ru.
  9433 | D:9      | Noticed Erolcha
  9442 | D:9      | Killed Erolcha
  9442 | D:9      | Reached skill level 5 in Short Blades
  9442 | D:9      | Reached skill level 5 in Long Blades
  9442 | D:9      | Reached skill level 5 in Axes
  9442 | D:9      | Reached skill level 5 in Maces & Flails
  9442 | D:9      | Reached skill level 5 in Polearms
  9442 | D:9      | Reached skill level 5 in Staves
  9442 | D:9      | Reached skill level 5 in Slings
  9442 | D:9      | Reached skill level 5 in Bows
  9442 | D:9      | Reached skill level 5 in Crossbows
  9442 | D:9      | Reached skill level 5 in Throwing
  9442 | D:9      | Reached skill level 5 in Armour
  9442 | D:9      | Reached skill level 5 in Stealth
  9442 | D:9      | Reached skill level 5 in Shields
  9442 | D:9      | Reached skill level 5 in Evocations
  9442 | D:9      | Reached XP level 10. HP: 64/76 MP: 20/20
  9450 | D:9      | Reached ** piety under Cheibriados
 10001 | D:9      | Noticed a seven-headed hydra
 10041 | D:10     | Entered Level 10 of the Dungeon
 10487 | D:10     | Reached *** piety under Cheibriados
 10572 | D:10     | Noticed a gargoyle
 10680 | D:11     | Noticed a kobold demonologist
 10692 | D:11     | Killed a kobold demonologist
 10894 | D:11     | Found a shimmering blue altar of Sif Muna.
 10910 | D:11     | Noticed a kobold demonologist
 10916 | D:11     | Killed a kobold demonologist
 10947 | D:11     | Reached XP level 11. HP: 83/83 MP: 22/22
 10980 | D:11     | Reached **** piety under Cheibriados
 10990 | D:11     | Killed an unseen horror
 10990 | D:11     | Reached skill level 9 in Unarmed Combat
 11179 | D:11     | Reached skill level 5 in Conjurations
 11179 | D:11     | Reached skill level 5 in Hexes
 11179 | D:11     | Reached skill level 5 in Summonings
 11179 | D:11     | Reached skill level 5 in Necromancy
 11179 | D:11     | Reached skill level 5 in Translocations
 11179 | D:11     | Reached skill level 5 in Fire Magic
 11179 | D:11     | Reached skill level 5 in Ice Magic
 11179 | D:11     | Reached skill level 5 in Air Magic
 11179 | D:11     | Reached skill level 5 in Earth Magic
 11179 | D:11     | Reached skill level 5 in Poison Magic
 11732 | D:11     | Found a staircase to the Orcish Mines.
 11879 | D:12     | Reached ***** piety under Cheibriados
 11887 | D:12     | Noticed a two-headed ogre
 12005 | D:11     | Noticed a cyclops
 12013 | D:11     | Killed a cyclops
 12035 | D:11     | Found a transporter.
 12204 | D:11     | Noticed an ice dragon
 12208 | D:11     | Noticed Foxy's ghost (journeyman OgTm)
 12215 | D:11     | Found a transporter.
 12216 | D:11     | Noticed a moth of wrath
 12241 | D:11     | Noticed a four-headed hydra
 12365 | Orc:1    | Entered Level 1 of the Orcish Mines
 12487 | Orc:1    | Found a dark tunnel.
 12551 | Orc:1    | Found a frozen archway.
 12554 | Orc:1    | Noticed an ice dragon
 12559 | Orc:1    | Killed an ice dragon
 12567 | IceCv    | Entered an ice cave
 12567 | IceCv    | Noticed a white ugly thing
 12711 | Orc:2    | Entered Level 2 of the Orcish Mines
 12711 | Orc:2    | Found Duahyupett's General Store.
 12711 | Orc:2    | Noticed a cyclops
 12711 | Orc:2    | Noticed a stone giant
 13418 | D:10     | Noticed a cyan ugly thing
 13468 | D:9      | Found a staircase to the Lair.
 13486 | Lair:1   | Entered Level 1 of the Lair of Beasts
 13702 | Lair:1   | Found a gate leading to a gauntlet.
 13739 | Gauntlet | Entered a Gauntlet
 13739 | Gauntlet | Found a transporter.
 13739 | Gauntlet | Found a transporter.
 13739 | Gauntlet | Found a transporter.
 13739 | Gauntlet | Noticed a moth of wrath
 13822 | Gauntlet | Found a transporter.
 13826 | Gauntlet | Found a transporter.
 13834 | Gauntlet | Noticed a death drake
 13836 | Gauntlet | Found a transporter.
 13857 | Gauntlet | Found a transporter.
 13857 | Gauntlet | Noticed a tengu warrior
 13863 | Gauntlet | Found a transporter.
 13871 | Gauntlet | Found a transporter.
 13871 | Gauntlet | Noticed a worldbinder
 13889 | Gauntlet | Found a transporter.
 13893 | Gauntlet | Found a large runed translucent door.
 13894 | Gauntlet | Found a large runed translucent door.
 13895 | Gauntlet | Found a large runed translucent door.
 13895 | Gauntlet | Found a large runed translucent door.
 13896 | Gauntlet | Found a runed translucent gate.
 13897 | Gauntlet | Found a transporter.
 13897 | Gauntlet | Found a runed translucent gate.
 13898 | Gauntlet | Found a runed translucent gate.
 13899 | Gauntlet | Found a large runed translucent door.
 13899 | Gauntlet | Found a large runed translucent door.
 13900 | Gauntlet | Found a large runed translucent door.
 13901 | Gauntlet | Found a large runed translucent door.
 13910 | Gauntlet | Found a large runed translucent door.
 13910 | Gauntlet | Found a large runed translucent door.
 13910 | Gauntlet | Found a runed translucent door.
 13910 | Gauntlet | Found a runed translucent door.
 13911 | Gauntlet | Found a large runed translucent door.
 13912 | Gauntlet | Found a large runed translucent door.
 13914 | Gauntlet | Found a transporter.
 13954 | Gauntlet | Found a large runed translucent door.
 13955 | Gauntlet | Found a large runed translucent door.
 13956 | Gauntlet | Found a large runed translucent door.
 13956 | Gauntlet | Found a large runed translucent door.
 13989 | Gauntlet | Reached XP level 12. HP: 89/91 MP: 15/24
 13997 | Gauntlet | Mangled by a shadow

Illustrated notes

Levels and vault maps discovered:
D:1:      dpeg_arrival_rhombi, layout_basic, kennysheep_flooded_box,
          minmay_crystal_room
D:2:      layout_loops_ring, roderic_roman_lattice
D:3:      layout_basic, grunt_temple_overflow_order_and_chaos_1,
          minmay_starry_boxes, uniq_terence
D:4:      layout_cave_pools, fedhas_altar_2
D:5:      layout_gridville
D:6:      layout_rooms
D:7:      layout_cave_pools, nicolae_ru_path_of_blood,
          nicolae_overflow_hidden_temple, temple_green, serial_column_ruins,
          column_ruins_open_medium, column_ruins_corridor_T,
          column_ruins_open_tiny, column_ruins_open_tiny, column_ruins_grid_3
D:8:      layout_rooms
D:9:      minmay_the_grid_octo_tiled_octocenter [minmay_the_grid_octo_clover_2,
          minmay_the_grid_octo_tetromino_candy, minmay_the_grid_octo_toaster,
          minmay_the_grid_octo_chip, minmay_the_grid_octo_prize_star,
          minmay_the_grid_square_5x5_two_walls_b,
          minmay_the_grid_square_5x5_half_checkered,
          minmay_the_grid_square_5x5_z, minmay_the_grid_square_5x5_beaten_path],
          layout_irregular_city, serial_shops, kennysheep_little_box,
          basic_altar, minivault_24, uniq_erolcha
D:10:     layout_stronghold
D:11:     layout_cave_pools, hiddenorc2_lemuel,
          gammafunk_ghost_berserking_beasts, special_room [special_room_kobold],
          basic_altar
D:12:     layout_basic
Temple:   nicolae_temple_figure_eight
Lair:1:   layout_regular_city, gauntlet_entry_generic,
          chequers_serial_rivers_micro_b, grunt_megastairs_4
Orc:1:    layout_caves, basic_altar, portal_ice_cave_entry_animals_and_master,
          enter_volcano_1
Orc:2:    grunt_orc_gardens, layout_caves, grunt_orc_garden, grunt_orc_garden,
          grunt_orc_garden, grunt_orc_garden, mines3_lemuel
Gauntlet: gammafunk_gauntlet_shortcut [nicolae_gauntlet_arena_x,
          gammafunk_gauntlet_arena_hedges, nicolae_gauntlet_arena_flowing_pool,
          minmay_gauntlet_arena_make_your_own_arena,
          nicolae_gauntlet_arena_grate_2, gammafunk_gauntlet_arena_grid,
          gauntlet_exit_hidden_loot]

Skill      XL: |  1  2  3  4  5  6  7  8  9 10 11 |
---------------+----------------------------------+-----
Spellcasting   | 5 6 7 8 |  8.6
Invocations    | 1 2 3 4 5 6 7 |  7.5
Short Blades   | 1 2 3 5 6 |  6.8
Long Blades    | 1 2 3 5 6 |  6.8
Axes           | 1 2 3 5 6 |  6.8
Maces & Flails | 1 2 3 5 6 |  6.8
Polearms       | 1 2 3 5 6 |  6.8
Staves         | 1 2 3 5 6 |  6.8
Slings         | 1 2 3 5 6 |  6.8
Bows           | 1 2 3 5 6 |  6.8
Crossbows      | 1 2 3 5 6 |  6.8
Throwing       | 1 2 3 5 6 |  6.8
Armour         | 1 2 3 5 6 |  6.8
Stealth        | 1 2 3 5 6 |  6.8
Shields        | 1 2 3 5 6 |  6.8
Evocations     | 1 2 3 5 6 |  6.8
Conjurations   | 1 2 3 4 5 |  5.7
Hexes          | 1 2 3 4 5 |  5.7
Summonings     | 1 2 3 4 5 |  5.7
Necromancy     | 1 2 3 4 5 |  5.7
Translocations | 1 2 3 4 5 |  5.7
Fire Magic     | 1 2 3 4 5 |  5.7
Ice Magic      | 1 2 3 4 5 |  5.7
Air Magic      | 1 2 3 4 5 |  5.7
Earth Magic    | 1 2 3 4 5 |  5.7
Poison Magic   | 1 2 3 4 5 |  5.7
Fighting       | 3 4 5 6 7 |  7.4
Transmutations | 4 5 6 |  6.9
Dodging        | 5 6 7 8 |  8.3
Unarmed Combat | 7 8 9 |  9.5

Action                   |  1- 3 |  4- 6 |  7- 9 | 10-12 || total
-------------------------+-------+-------+-------+-------++-------
Melee: Unarmed           |    71 |    23 |   235 |   265 ||   594
       Kick              |     7 |       |       |       ||     7
       Headbutt          |     5 |       |       |       ||     5
       Bite              |     3 |     3 |       |     4 ||    10
       Punch             |     1 |       |       |     3 ||     4
       Dagger            |       |    40 |       |       ||    40
 Fire: Hunting sling     |       |    94 |   206 |   149 ||   449
Throw: Stone             |    54 |       |       |     6 ||    60
 Cast: Beastly Appendage |     8 |       |       |       ||     8
       Ice Form          |       |     4 |    25 |    25 ||    54
       Spider Form       |       |     1 |    12 |       ||    13
       Hailstorm         |       |       |     2 |     3 ||     5
       Ozocubu's Armour  |       |       |       |     6 ||     6
       Blade Hands       |       |       |       |     5 ||     5
Invok: Slouch            |       |       |       |     4 ||     4
Evoke: Wand              |       |       |     5 |     9 ||    14
  Use: Scroll            |       |     2 |     9 |     1 ||    12
       Potion            |       |       |     2 |     2 ||     4
 Stab: Sleeping          |       |       |     3 |     2 ||     5
       Paralysed         |       |       |     2 |       ||     2
       Distracted        |       |       |       |     1 ||     1
       Invisible         |       |       |       |     2 ||     2
Armor: Robe              |     6 |     8 |       |       ||    14
       Skin              |       |     4 |    25 |    51 ||    80
       Ring mail         |       |     3 |     4 |       ||     7
       Leather armour    |       |       |     4 |     1 ||     5
       Troll leather arm |       |       |       |     9 ||     9
Dodge: Dodged            |    48 |    70 |   229 |   214 ||   561

Table legend: (Time is in decaauts)
 A = Elapsed time spent in this place.
 B = Non-inter-level travel time spent in this place.
 C = Inter-level travel time spent in this place.
 D = Time resting spent in this place.
 E = Time spent auto-exploring this place.
 F = Levels seen in this place.
 G = Mean time per level.
                   A        B        C        D        E       F      G
               +--------+--------+--------+--------+--------+-----+--------+
         Total |  15750 |  15048 |    702 |   2314 |   9778 |  18 |  875.0 |
       Dungeon |  14383 |  13731 |    652 |   2311 |   8681 |  12 | 1198.6 |
        Temple |     71 |     60 |     11 |      0 |     52 |   1 |   71.0 |
          Lair |    400 |    395 |      5 |      0 |    352 |   1 |  400.0 |
  Orcish Mines |    494 |    461 |     33 |      3 |    360 |   2 |  247.0 |
      Ice Cave |      5 |      5 |      0 |      0 |      0 |   1 |    5.0 |
      Gauntlet |    396 |    396 |      0 |      0 |    333 |   1 |  396.0 |
               +--------+--------+--------+--------+--------+-----+--------+

Top non-repeatable levels by time:
    D:11: 2313 daAuts
    D:10: 1671 daAuts
     D:1: 1569 daAuts
     D:8: 1409 daAuts
     D:3: 1332 daAuts
     D:5: 1243 daAuts
     D:7: 1144 daAuts
     D:2: 1120 daAuts
     D:6: 1038 daAuts
     D:9: 867 daAuts
     D:4: 637 daAuts
   Orc:1: 493 daAuts
  Lair:1: 400 daAuts
Gauntlet: 396 daAuts
  Temple: 71 daAuts
